Map: Alcyone LE

Players

TheFighter

  • Race: Protoss Protoss
  • League: Diamond
  • Spawn Location: 1:00

hihi - Winner!

  • Race: Zerg Zerg
  • League: Diamond
  • Spawn Location: 7:00

VOD

Have the link to the VOD?

Description

Time

  • Played on: April 20, 2024, 10:57 a.m.
  • Length: 17:29
Show
View Real Time Build Order
Export as new Build Order

TheFighter Protoss 

Build Orders: 1 Gate Expand, Oracle Opening 

Get SALT Encoding   

  12  0:00  Probe  
  13  0:12  Probe  
  14  0:18  Pylon  
  14  0:24  Probe  
  15  0:36  Probe (Chrono Boost)  
  15  0:39  Gateway  
  16  0:48  Probe (Chrono Boost)  
  16  0:49  Assimilator  
  17  0:53  Probe (Chrono Boost)  
  18  1:03  Probe  
  19  1:15  Probe  
  20  1:29  Nexus  
  20  1:41  Cybernetics Core  
  20  1:43  Probe  
  20  1:47  Assimilator  
  21  1:55  Pylon, Probe  
  23  2:08  Probe  
  23  2:20  Probe  
  23  2:21  Adept (Chrono Boost), Stargate  
  26  2:30  Warp Gate (Chrono Boost)  
  26  2:32  Probe  
  27  2:42  Probe  
  27  2:44  Probe  
  27  2:49  Gateway  
  28  2:54  Adept, Probe  
  28  2:57  Probe  
  32  3:06  Probe  
  32  3:09  Probe  
  34  3:18  Probe  
  34  3:20  Oracle (Chrono Boost)  
  34  3:21  Probe  
  38  3:30  Probe  
  38  3:33  Probe  
  39  3:42  Probe  
  39  3:45  Probe  
  41  3:53  Pylon  
  41  3:54  Probe  
  42  3:59  Probe  
  42  4:02  Shield Battery  
  43  4:12  Adept, Probe  
  43  4:13  Adept  
  43  4:14  Probe  
  43  4:17  Pylon, Void Ray  
  53  4:30  Probe x2  
  53  4:37  Pylon  
  53  4:40  Nexus  
  53  4:43  Shield Battery  
  53  4:49  Probe x2  
  53  4:52  Assimilator  
  55  4:54  Robotics Facility  
  55  4:57  Robotics Facility  
  55  5:01  Assimilator, Probe  
  55  5:02  Adept  
  55  5:06  Adept  
  60  5:07  Probe  
  60  5:13  Probe  
  62  5:21  Probe  
  63  5:24  Pylon  
  63  5:25  Twilight Council  
  63  5:26  Adept  
  61  5:29  Adept  
  63  5:37  Probe  
  63  5:40  Probe  
  65  5:44  Pylon, Observer  
  65  5:47  Gateway  
  65  5:49  Probe  
  67  5:55  Stalker x2  
  71  5:58  Charge (Chrono Boost)  
  71  6:01  Pylon  
  71  6:02  Shield Battery  
  66  6:18  Stalker x2  
  67  6:28  Immortal  
  67  6:29  Shield Battery  
  66  6:41  Stalker x3  
  62  6:59  Probe x2  
  63  7:04  Stalker x2  
  63  7:05  Stalker  
  67  7:11  Probe (Chrono Boost)  
  66  7:22  Probe (Chrono Boost)  
  67  7:23  Probe (Chrono Boost)  
  67  7:29  Observer  
  68  7:32  Probe x2 (Chrono Boost)  
  71  7:37  Zealot x3, Probe x2 (Chrono Boost)  
  71  7:41  Templar Archives  
  79  7:48  Probe  
  79  7:50  Gateway  
  80  7:59  Sentry  
  80  8:01  Sentry  
  80  8:02  Zealot  
  86  8:05  Pylon  
  86  8:11  Pylon  
  86  8:26  High Templar x2  
  90  8:27  High Templar  
  92  8:36  Probe  
  92  8:40  Gateway x2  
  93  8:45  High Templar  
  95  8:49  Archon x2  
  95  8:57  Forge  
  95  8:58  Zealot x2  
  95  9:00  Zealot  
  101  9:10  Probe  
  101  9:14  Pylon  
  102  9:29  Pylon  
  102  9:32  Pylon  
  102  9:37  High Templar x2  
  102  9:38  Zealot x2  
  110  9:41  Archon  
  110  9:56  Zealot  
  110  9:57  Zealot, Pylon  
  110  9:58  Zealot x2, Warp Prism (Chrono Boost)  
  120  10:10  Probe  
  121  10:21  Nexus  
  121  10:22  Pylon  
  121  10:24  Psionic Storm  
  103  10:47  Zealot x5  
  103  10:48  Zealot  
  103  10:49  Probe  
  116  10:55  Gateway  
  116  10:56  Gateway  
  116  11:10  Zealot x6  
  97  11:21  Probe  
  97  11:22  Probe  
  99  11:28  Gateway  
  99  11:31  Gateway  
  99  11:33  Probe, Shield Battery  
  99  11:34  Probe  
  99  11:39  High Templar  
  103  11:40  High Templar x2  
  103  11:42  High Templar  
  103  11:44  High Templar  
  103  11:46  Probe, High Templar  
  114  11:52  Pylon  
  114  11:53  High Templar x2  
  118  11:57  Archon  
  118  12:05  Assimilator  
  118  12:07  Assimilator  
  118  12:13  High Templar  
  118  12:14  High Templar  
  122  12:17  Pylon  
  122  12:20  Archon  
  122  12:26  Zealot x6  
  122  12:28  Immortal (Chrono Boost)  
  139  12:38  Observer (Chrono Boost)  
  121  12:57  Immortal (Chrono Boost)  
  121  13:04  Immortal (Chrono Boost)  
  123  13:23  Zealot  
  123  13:24  Zealot x6  
  130  13:47  Zealot x4  
  121  13:55  High Templar  
  121  13:56  High Templar x3  
  121  14:01  Archon x2  
  108  14:14  Observer  
  97  14:23  High Templar  
  97  14:24  High Templar  
  99  14:27  Archon  
  99  14:36  Immortal (Chrono Boost)  
  104  14:47  Observer (Chrono Boost)  
  104  15:05  Nexus  
  104  15:07  Pylon  
  104  15:16  High Templar  
  104  15:17  High Templar  
  104  15:18  High Templar  
  104  15:19  High Templar  
  112  15:23  Archon, Protoss Ground Weapons Level 1 (Chrono Boost)  
  110  15:38  Zealot x4  
  118  15:49  Probe  
  116  15:50  Probe  
  66  16:29  High Templar x2  
  70  16:40  Zealot x2, Immortal (Chrono Boost)  
  70  16:41  Zealot  
  80  16:47  Assimilator  
  80  16:53  Assimilator  
  80  17:02  High Templar x2  
  84  17:13  Zealot x3  
Show
View Real Time Build Order
Export as new Build Order

hihi Zerg - Winner!

Build Orders: Hatch First, Lurkers 

Get SALT Encoding   

  12  0:00  Drone  
  13  0:13  Drone  
  14  0:15  Extractor  
  14  0:18  Drone  
  15  0:40  Hatchery  
  14  0:46  Drone, Extractor  
  15  0:50  Overlord  
  15  1:06  Spawning Pool  
  15  1:09  Drone  
  15  1:12  Drone  
  15  1:17  Drone  
  17  1:21  Drone  
  18  1:26  Extractor  
  17  1:33  Drone  
  18  1:45  Drone  
  19  1:54  Queen x2  
  19  1:55  Zergling x2  
  19  1:56  Drone  
  25  2:03  Drone  
  26  2:09  Overlord  
  26  2:22  Drone x2  
  28  2:28  Metabolic Boost  
  28  2:34  Drone x2  
  30  2:44  Queen, Drone x2  
  31  2:47  Queen  
  36  2:53  Overlord  
  36  2:57  Extractor  
  36  3:23  Lair  
  36  3:27  Drone x6  
  38  3:33  Drone  
  38  3:34  Drone  
  44  3:37  Overlord  
  43  3:48  Overlord  
  43  3:49  Overlord  
  43  3:53  Hatchery  
  42  3:56  Zergling x2  
  42  3:57  Zergling x10  
  42  3:59  Zergling x2  
  49  4:10  Zergling x4  
  49  4:14  Pneumatized Carapace  
  49  4:16  Zergling x2  
  51  4:47  Zergling x2  
  51  4:48  Zergling x12  
  51  4:50  Zergling x6  
  51  4:51  Zergling x2  
  62  4:56  Queen  
  62  4:57  Queen  
  66  5:14  Overlord  
  66  5:15  Overlord x2  
  64  5:32  Queen  
  64  5:33  Queen  
  67  5:59  Zergling x10  
  67  6:00  Zergling x24  
  83  6:08  Queen  
  83  6:09  Zergling x2  
  83  6:10  Zergling x4  
  69  7:07  Overlord  
  69  7:08  Overlord x2  
  57  7:20  Overlord x3  
  54  7:23  Overlord  
  54  7:25  Queen  
  54  7:26  Queen x2  
  54  7:28  Zergling x4  
  54  7:29  Zergling x16  
  70  7:36  Extractor, Hydralisk Den  
  70  7:37  Drone, Extractor  
  68  7:59  Overlord  
  68  8:01  Queen x2  
  68  8:02  Queen  
  68  8:04  Overseer  
  74  8:21  Overseer  
  74  8:24  Muscular Augments  
  74  8:25  Hydralisk  
  74  8:26  Hydralisk x4  
  84  8:28  Zergling x22  
  84  8:33  Extractor  
  94  8:45  Drone x4  
  98  8:50  Drone  
  98  8:51  Drone x7  
  98  8:52  Drone  
  98  8:54  Drone x2  
  109  8:56  Overseer  
  109  9:15  Hydralisk  
  109  9:16  Hydralisk x5  
  113  9:20  Extractor  
  113  9:21  Extractor  
  111  9:28  Grooved Spines  
  111  9:45  Overlord  
  111  9:46  Lurker Den, Overlord  
  110  9:57  Hydralisk  
  110  9:58  Hydralisk  
  110  9:59  Overlord x3  
  113  10:03  Baneling Nest  
  95  10:35  Zergling x14  
  89  10:36  Zergling x28  
  89  10:38  Overseer x2  
  109  10:52  Centrifugal Hooks  
  109  10:55  Drone  
  109  10:56  Drone x8  
  118  10:58  Baneling x3  
  118  10:59  Baneling x7  
  118  11:00  Baneling  
  94  11:27  Zergling x2  
  94  11:28  Zergling x24  
  107  11:36  Drone x2  
  107  11:38  Lurker  
  107  11:39  Lurker x3  
  113  11:40  Lurker x3  
  113  11:41  Lurker x2  
  113  11:42  Zergling x4  
  113  11:43  Zergling x12  
  126  11:52  Hydralisk x2  
  130  11:55  Overlord  
  130  12:00  Baneling x5  
  130  12:01  Baneling x3  
  130  12:20  Hydralisk  
  130  12:21  Hydralisk x7  
  137  12:50  Hydralisk  
  137  12:51  Hydralisk x9  
  147  13:03  Hydralisk  
  147  13:04  Hydralisk x2  
  127  13:43  Zergling x20  
  127  13:44  Zergling x14  
  135  13:59  Hydralisk  
  135  14:00  Hydralisk x2  
  108  14:17  Drone x8  
  115  14:51  Hydralisk x7  
  129  14:53  Overlord x3  
  129  14:54  Hatchery  
  129  14:58  Evolution Chamber  
  129  14:59  Evolution Chamber, Hydralisk x2  
  130  15:00  Overlord  
  130  15:01  Overlord x2  
  130  15:22  Zergling x8  
  130  15:23  Zergling x10  
  130  15:26  Infestation Pit  
  138  15:37  Baneling  
  138  15:38  Baneling x8  
  138  15:42  Lurker x4  
  140  15:43  Lurker x3  
  81  16:22  Hydralisk x3  
  81  16:23  Hydralisk x14  
  105  16:33  Hydralisk x3  
  111  16:40  Drone  
  111  16:41  Drone x3  
  115  16:52  Zergling x2  
  115  16:53  Zergling x8  
  120  16:57  Hydralisk  
  120  16:58  Hydralisk  
Tags
 
Add a new tag
Caveats
  • Supply blocks, unpowered buildings, or Contaminate may cause inaccurate times.
  • Supply counts are checked every 10 seconds.